 Dungeon Crawl Stone Soup version 0.26-b1-32-g5d43845318 (webtiles) character file.

Game seed: 12274122884832109818

7 MajorAdolf the Sneak (level 2, 0/24 HPs)
             Began as a Naga Wanderer on Jan 9, 2021.
             Slain by a kobold (2 damage)
             ... on level 1 of the Dungeon.
             The game lasted 00:01:24 (478 turns).

MajorAdolf the Sneak (Naga Wanderer)                 Turns: 478, Time: 00:01:25

Health: 0/24       AC:  1    Str: 15    XL:     2   Next: 0%
Magic:  6/6        EV:  9    Int: 13    God:
Gold:   27         SH:  0    Dex:  8    Spells: 7/7 levels left

rFire    . . .     SeeInvis +   f - +0 dagger
rCold    . . .     Faith    .   (no shield)
rNeg     . . .     Spirit   .   d - +0 robe
rPois    +         Reflect  .   (no helmet)
rElec    .         Harm     .   (no cloak)
rCorr    .         Rampage  .   (no gloves)
Will     .....                  (no barding)
Stlth    ++........             (no amulet)
HPRegen  0.08/turn              (no ring)
MPRegen  0.10/turn              (no ring)

@: short of breath, very slow
A: large, see invisible, deformed body, poison resistance, slowness 2, spit
poison 1, AC +0
a: Spit Poison


You were on level 1 of the Dungeon.
You visited 1 branch of the dungeon, and saw 1 of its levels.

You collected 27 gold pieces.

Inventory:

Hand Weapons
 f - a +0 dagger (weapon)
Armour
 d - a +0 robe (worn)
Scrolls
 a - a scroll of blinking {unknown}


   Skills:
 + Level 0.6 Fighting
 + Level 0.5 Armour
 + Level 0.4 Dodging
 - Level 3.0 Stealth
 - Level 3.0 Spellcasting
 - Level 1.0 Translocations
 - Level 1.0 Transmutations
 - Level 3.0 Ice Magic


You had 7 spell levels left.
You didn't know any spells.
Your spell library contained the following spells:

 Spells                   Type           Power        Failure   Level
 Freeze                   Ice            36%          7%          1
 Frozen Ramparts          Ice            18%          21%         3
 Magic Dart               Conj           4%           22%         1
 Blink                    Tloc           N/A          22%         2
 Call Imp                 Summ           1%           34%         2
 Slow                     Hex            1%           34%         2
 Conjure Flame            Conj/Fire      1%           56%         3
 Mephitic Cloud           Conj/Pois/Air  1%           56%         3


Dungeon Overview and Level Annotations

Branches:
Dungeon (1/15)

Altars:


Innate Abilities, Weirdness & Mutations

You cannot wear boots.
Your serpentine skin is tough. (AC +0)
You have supernaturally acute eyesight. (SInv)
Armour fits poorly on your strangely shaped body.
Your system is resistant to poisons. (rPois)
You cover ground very slowly.
You can spit poison.


Message History

You have got your breath back.
The kobold hits you.
* * * LOW HITPOINT WARNING * * *
There is an open door here.
Press: ? - help, Shift-Dir - straight line, f - kobold
Aim: a kobold The splash of poison hits the kobold.
The kobold is moderately wounded.
The kobold hits you.
* * * LOW HITPOINT WARNING * * *
Unknown command.
The kobold barely misses you.
You have got your breath back.
Press: ? - help, Shift-Dir - straight line, f/p - kobold
Aim: a kobold (moderately wounded)
The splash of poison misses the kobold.
The kobold barely misses you.
Unknown command.
The kobold hits you but does no damage. The kobold hits you.
You die...

#...)....................#.....#
#...............###..##..#.....##
.........###.##.# #..##..#.......
..######.###.##.# #..##..###..#.#
#.# #.....##.# #..##..###.....
#.# #........# #..##...)...#.#
#.######.##########..##..####.#.#
.........##.......#..##..# ##.#.#
.....###.'.....K@.#..##..# #.....
..)..†...##.......#...#..####.#.#
########.##>###.<.##..........#.#
.K....##.##..[....##.....######.#
......##.+........##.....#####...
......##.##.......#..............
......##.##########......#####..#
......##.................# #..#
#####.############.......# #...


You could see a kobold.

Vanquished Creatures
  A giant cockroach (D:1)
  3 goblins (D:1)
  2 hobgoblins (D:1)
6 creatures vanquished.

Notes
Turn   | Place    | Note
-------+----------+-------------------------------------------
     0 | D:1      | MajorAdolf the Naga Wanderer began the quest for the Orb.
     0 | D:1      | MajorAdolf set off with the following items: a +0 club, a
                  | potion of curing, a +0 robe, a +0 dagger; and the following
                  | spells available to memorise: Freeze, Frozen Ramparts,
                  | Magic Dart, Blink, Call Imp, Slow, Conjure Flame, Mephitic
                  | Cloud
     0 | D:1      | Reached XP level 1. HP: 15/15 MP: 4/4
   467 | D:1      | Reached XP level 2. HP: 2/24 MP: 6/6
   470 | D:1      | HP: 1/24 [kobold (1)]
   478 | D:1      | Slain by a kobold

Illustrated notes

Levels and vault maps discovered:
D:1:      heliophobic_arrival_battle_scene, layout_basic,
          okawaru_ov_weapons_minmay

Action                   || total
-------------------------++-------
Melee: Dagger            ||    28
 Abil: Spit Poison       ||     8
  Use: Potion            ||     1
Armor: Robe              ||     3
Dodge: Dodged            ||    21
